 Dungeon Crawl Stone Soup version 0.27.1-2-g3b301248ec (webtiles) character file.

Game seed: 12206462585736471427

60 barney the Changer (level 3, 0/28 HPs)
             Began as a Draconian Transmuter on Oct 2, 2021.
             Succumbed to a goblin's poison
             ... on level 2 of the Dungeon.
             The game lasted 00:01:45 (1603 turns).

barney the Changer (Draconian Transmuter)           Turns: 1603, Time: 00:01:46

Health: 0/28       AC:  2    Str: 12    XL:     3   Next: 82%
Magic:  3/6        EV: 19    Int: 14    God:
Gold:   56         SH:  0    Dex: 16    Spells: 0/6 levels left

rFire    . . .     SeeInvis .     - Unarmed
rCold    . . .     Faith    .   (shield currently unavailable)
rNeg     . . .     Spirit   .   (armour unavailable)
rPois    x         Reflect  .   (helmet currently unavailable)
rElec    .         Harm     .   (cloak currently unavailable)
rCorr    .         Rampage  .   (gloves currently unavailable)
Will     .....                  (boots currently unavailable)
Stlth    +.........             (no amulet)
HPRegen  0.09/turn              (no ring)
MPRegen  0.10/turn              (no ring)

@: brilliant, lethally poisoned (0 -> -27), spider-form (expiring), flying
A: venomous fangs, AC +5, tiny, unfitting armour, (cold-blooded)
a: End Transformation


You were on level 2 of the Dungeon.
You were a venomous arachnid creature.
You visited 1 branch of the dungeon, and saw 2 of its levels.

You collected 56 gold pieces.

Inventory:

Hand Weapons
 g - a +0 long sword (melded)
Armour
 c - a +0 pair of gloves (melded)
Jewellery
 e - an amulet of magic regeneration
Scrolls
 a - a scroll of enchant armour {unknown}
 b - 5 scrolls of identify {unknown}
 i - a scroll of magic mapping {unknown}
Potions
 d - a potion of flight
 h - a potion of mutation {unknown}
 j - a potion of curing {unknown}
 k - a potion of invisibility {unknown}


   Skills:
 - Level 1.1 Fighting
 - Level 1.7 Dodging
 - Level 3.0 Unarmed Combat
 - Level 2.0 Spellcasting
 + Level 4.2 Transmutations


You couldn't memorise any spells.
You knew the following spells:

 Your Spells              Type           Power      Damage    Failure   Level
a - Beastly Appendage     Tmut           38%        N/A       13%         1
b - Spider Form           Tmut/Pois      5%         N/A       52%         3
c - Wereblood             Tmut           19%        N/A       17%         2

Your spell library contained the following spells:

 Spells                   Type           Power      Damage    Failure   Level
 Ice Form                 Ice/Tmut       10%        N/A       86%         4


Dungeon Overview and Level Annotations

Branches:
Dungeon (2/15)

Altars:


Innate Abilities, Weirdness & Mutations

You are a venomous arachnid creature.
You have poisonous fangs.
You are tiny and dextrous.
Your spellcasting is less reliable in this form.
Your armour is entirely melded.
You are incapable of wielding weapons or throwing items.
((Your plain brown scales are hard. (AC +5)))
You cannot fit into any form of body armour.
((You are cold-blooded and may be slowed by cold attacks.))


Message History

Your +0 long sword unmelds from your body.
Your +0 pair of gloves unmelds from your body.
No target in view!
Magic restored.
A goblin comes into view. It is wielding a +0 dagger of venom.
Things that are here:
a +0 short sword; a +0 dagger You see here a scroll labelled ROL KU IGAR.
A goblin is nearby!
A goblin is nearby!
The goblin misses you.
You see here 9 gold pieces.
A goblin is nearby!
Casting: Spider Form (extremely dangerous; 30% risk of failure)
Confirm with . or Enter, or press ? or * to list all spells.
The spell is extremely dangerous to cast (30% risk of failure)!
Continue anyway?
You turn into a venomous arachnid creature.
Your +0 long sword melds into your body.
Your +0 pair of gloves melds into your body.
The goblin hits you with a +0 dagger of venom.
You are poisoned.
You hit the goblin.
The goblin is poisoned.
The goblin is heavily wounded.
You feel very sick. The goblin hits you but does no damage.
You are lethally poisoned!
You hit the goblin.
You kill the goblin!
You feel extremely sick.
You are too injured to fight recklessly!
You are too injured to fight recklessly!
It was a potion of flight.
You feel very buoyant.
You fly up into the air.
* * * LOW HITPOINT WARNING * * *
You feel extremely sick.
There is a lethal amount of poison in your body!
It was a potion of brilliance.
You feel clever all of a sudden.
Your transformation is almost over.
You die...

......................##.
.###.######....<....## #.
#.##. #.........####.
#.###. #.............. #(
...# #.....)........
#.##.8 #.........####.
#....###...<.....# ..
##.8....#).)......# #..
#....)s.?..######## ###
#..###..#..# ##.#..#
###..# #.## ..# ###


There were no monsters in sight!

Vanquished Creatures
  An adder (D:2)
  A worm (D:2)
  2 dart slugs
  2 orcs (D:2)
  4 endoplasms
  3 giant cockroaches
  4 hobgoblins
  2 quokkas
  A ball python (D:2)
  6 bats
  3 frilled lizards
  6 goblins
  4 kobolds
  3 rats
42 creatures vanquished.

Vanquished Creatures (others)
  A fungus (D:2)
1 creature vanquished.

Grand Total: 43 creatures vanquished

Notes
Turn   | Place    | Note
-------+----------+-------------------------------------------
     0 | D:1      | barney the Draconian Transmuter began the quest for the
                  | Orb.
     0 | D:1      | Reached XP level 1. HP: 16/16 MP: 3/3
   427 | D:1      | Reached XP level 2. HP: 19/23 MP: 3/5
   501 | D:1      | Reached skill level 3 in Transmutations
  1090 | D:2      | Reached XP level 3. HP: 21/28 MP: 6/6
  1094 | D:2      | Learned a level 3 spell: Spider Form
  1097 | D:2      | Learned a level 2 spell: Wereblood
  1381 | D:2      | Reached skill level 4 in Transmutations
  1603 | D:2      | Succumbed to a goblin's poison

Illustrated notes

Levels and vault maps discovered:
D:1:      matt_arrival_refuge, layout_rooms
D:2:      layout_rooms, dreamdust_ecumenical_altar_grove,
          guppyfry_early_orc_mine

Skill      XL: |  1  2  3 |
---------------+----------+-----
Transmutations | 3 4 |  4.2
Fighting       | |  1.1
Dodging        | |  1.7
Unarmed Combat | |  3.0
Spellcasting   | |  2.0

Action                   || total
-------------------------++-------
Melee: Unarmed           ||    58
       Headbutt          ||     7
       Tailslap          ||     9
       Kick              ||    10
       Punch             ||     2
       Long sword        ||    33
 Cast: Beastly Appendage ||    12
       Spider Form       ||     3
  Use: Potion            ||     2
Armor: Skin              ||    43
Dodge: Dodged            ||    78
       Rpst.: Long sword ||    12
